 Dungeon Crawl Stone Soup version 0.31-a0-267-g3fc6992b3b (webtiles) character file.

Game seed: 11232530242323572960

34 qw the Shooter (level 3, -4/29 HPs)
             Began as a Minotaur Hexslinger on July 14, 2023.
             Killed from afar by Sigmund (6 damage)
             ... with a magic dart
             ... on level 2 of the Dungeon.
             The game lasted 00:00:26 (1249 turns).

qw the Shooter (Minotaur Hexslinger)                Turns: 1249, Time: 00:00:27

Health: -4/29      AC:  3    Str: 12    XL:     3   Next: 14%
Magic:  3/3        EV: 12    Int: 10    God:
Gold:   83         SH:  0    Dex: 14    Spells: 3/4 levels left

rFire   x . .        Y - +1 sling
rCold   . . .        (no shield)
rNeg    + . .        c - +0 robe
rPois   +            (helmet restricted)
rElec   +            (no cloak)
rCorr   .            (no gloves)
SInv    .            a - +0 pair of boots of the Pit {rElec rPois rF- rN+}
Will    .....        (no amulet)
Stlth   +            (no ring)
HPRegen 0.24/turn    (no ring)
MPRegen 0.08/turn

%: no passive effects
@: confused
A: horns 2, retaliatory headbutt
a: no special abilities


You were on level 2 of the Dungeon.
You visited 1 branch of the dungeon, and saw 2 of its levels.

You collected 83 gold pieces.


Innate Abilities, Weirdness & Mutations

You have a pair of horns on your head.
You reflexively headbutt those who attack you in melee.


   Skills:
 - Level 2.0 Fighting
 + Level 3.7 Ranged Weapons
 - Level 2.1 Dodging
 - Level 1.0 Spellcasting
 - Level 2.0 Hexes


You had 3 spell levels left.
You knew the following spells:

 Your Spells              Type           Power      Damage    Failure   Level
a - Slow                  Hex            16%        N/A       16%         1

Your spell library contained the following spells:

 Spells                   Type           Power      Damage    Failure   Level
 Inner Flame              Hex/Fire       2%         N/A       56%         3
 Portal Projectile        Hex/Tloc       4%         N/A       56%         3
 Cause Fear               Hex            2%         N/A       83%         4

Inventory:

Hand Weapons
 Y - a +1 sling (weapon)
Armour
 a - the +0 pair of boots of the Pit (worn) {rElec rPois rF- rN+}
   (You acquired it on level 1 of the Dungeon)

   rF:        It makes you vulnerable to fire.
   rElec:     It insulates you from electricity.
   rPois:     It protects you from poison.
   rN:        It protects you from negative energy.
 c - a +0 robe (worn)
 f - a +0 pair of boots
Scrolls
 b - a scroll of enchant armour {unknown}
 e - a scroll of teleportation {unknown}
Potions
 d - a potion of berserk rage {unknown}
 g - a potion of lignification {unknown}
 h - a potion of haste {unknown}
 k - a potion of mutation {unknown}

Dungeon Overview and Level Annotations

Branches:
Dungeon (2/15)

Altars:

Annotations:
D:2 Sigmund


Message History

Enter note:
Enter note:
1218 ||| STILL FLEEEEING.
1219 ||| STILL FLEEEEING.
You see here a +0 short sword.
1220 ||| FLEEEEING.
1221 ||| STILL FLEEEEING.
1222 ||| STILL FLEEEEING.
1223 ||| STILL FLEEEEING.
1224 ||| STILL FLEEEEING.
1225 ||| FLEEEEING.
1226 ||| FLEEEEING.
1227 ||| STILL FLEEEEING.
1228 ||| STILL FLEEEEING.
1229 ||| STILL FLEEEEING.
1230 ||| FLEEEEING.
1231 ||| FLEEEEING.
1232 ||| FLEEEEING.
You shoot a sling bullet. The sling bullet hits Sigmund.
Sigmund is lightly wounded.
You shoot a sling bullet. The sling bullet barely misses Sigmund.
You shoot a sling bullet. The sling bullet barely misses Sigmund.
Sigmund gestures at you while chanting.
You are confused.
Sigmund casts a spell at you.
You are more confused.
Sigmund is suddenly surrounded by pale blue light.
Sigmund closely misses you.
Sigmund hits you from afar with a +3 scythe of protection.
Sigmund barely misses you.
Sigmund points at you and mumbles some strange words.
You are more confused.
Sigmund closely misses you. Sigmund casts a spell at you.
The puff of flame hits you! The fire burns you terribly!
Sigmund hits you from afar with a +3 scythe of protection!
Sigmund hits you from afar with a +3 scythe of protection.
Sigmund casts a spell at you. The magic dart hits you.
You die...

# #####.#######.# #####. #
#####.####....# #.....
########.#####.### #.#%##
.(######.####%.# #..%..
..............## #####
#..#.# #.######.######
#...# #..#..
#.######.##### #...#
#...[. #.######.#####
####...#### #..##.
#.######.#######@........#
##....
#.###.#..#####...........#
####.
#.##...........#..@......#
#.
#.#.#...###########...####
#. #..##..#.## #...# #.
#......##.# #...# ### #.
#......#.## ##.## ##.## #.
##..###.## #.#####.#.###.
#.#.#.## #.....@###....


You could see Sigmund.

Vanquished Creatures
  An adder (D:2)
  A worm (D:2)
  A dart slug (D:1)
  2 ball pythons (D:1)
  An endoplasm (D:2)
  A goblin (D:1)
  A hobgoblin (D:1)
  A quokka (D:1)
  A bat (D:2)
  5 frilled lizards
  4 kobolds
  3 rats
22 creatures vanquished.

Notes
Turn   | Place    | Note
-------+----------+-------------------------------------------
     0 | D:1      | qw the Minotaur Hexslinger began the quest for the Orb.
     0 | D:1      | Reached XP level 1. HP: 16/16 MP: 1/1
     0 | D:1      | 0 ||| qw: Version: 0.3-a-52-g30416fa
     0 | D:1      | 0 ||| qw: Game counter: 7877
     0 | D:1      | 0 ||| qw: Melee chars always use a shield: true
     0 | D:1      | 0 ||| qw: God list: Okawaru
     0 | D:1      | 0 ||| qw: Allow faded altars: false
     0 | D:1      | 0 ||| qw: Do Orc after clearing Dungeon:15 true
     0 | D:1      | 0 ||| qw: Do second Lair branch before Depths: true
     0 | D:1      | 0 ||| qw: Lair rune preference: random
     0 | D:1      | 0 ||| qw: Goals: Normal
     0 | D:1      | 0 ||| PLANNING D:1-11
   286 | D:1      | Reached skill level 3 in Ranged Weapons
   286 | D:1      | Reached XP level 2. HP: 23/23 MP: 2/2
   637 | D:1      | 637 ||| UPGRADING to +0 pair of boots.
   642 | D:1      | 642 ||| READING scroll labelled NUZOEM OHIAGU.
   643 | D:1      | 643 ||| READING scroll labelled XOITRETAHA.
   644 | D:1      | 644 ||| READING scroll labelled EWEWUKLUOS.
   644 | D:1      | Identified a scroll of acquirement
   644 | D:1      | 644 ||| ACQUIRING +0 pair of boots of the Pit {rElec rPois
                  | rF- rN+}
   644 | D:1      | Acquired the +0 pair of boots of the Pit {rElec rPois rF-
                  | rN+}
   646 | D:1      | 646 ||| UPGRADING to +0 pair of boots of the Pit {rElec
                  | rPois rF- rN+}.
   656 | D:1      | 656 ||| DROPPING scroll of poison.
  1129 | D:2      | Reached XP level 3. HP: 18/29 MP: 3/3
  1208 | D:2      | Noticed Sigmund
  1211 | D:2      | 1211 ||| FLEEEEING.
  1212 | D:2      | 1212 ||| FLEEEEING.
  1213 | D:2      | 1213 ||| FLEEEEING.
  1214 | D:2      | 1214 ||| FLEEEEING.
  1220 | D:2      | 1220 ||| FLEEEEING.
  1225 | D:2      | 1225 ||| FLEEEEING.
  1226 | D:2      | 1226 ||| FLEEEEING.
  1230 | D:2      | 1230 ||| FLEEEEING.
  1231 | D:2      | 1231 ||| FLEEEEING.
  1232 | D:2      | 1232 ||| FLEEEEING.
  1246 | D:2      | HP: 3/29 [Sigmund/+3 scythe of protection (12)]
  1247 | D:2      | HP: 1/29 [Sigmund/+3 scythe of protection (2)]
  1249 | D:2      | Killed from afar by Sigmund

Levels and vault maps discovered:
D:1:      dpeg_arrival_tiny_k, layout_loops_ring,
          hangedman_abyss_or_decor_lesser_grid
D:2:      layout_loops_ring, reono_crystal_passage, minmay_domino_4,
          uniq_sigmund

Skill      XL: |  1  2 |
---------------+-------+-----
Ranged Weapons | 3 |  3.7
Fighting       | 2 |  2.0
Dodging        | |  2.1
Spellcasting   | |  1.0
Hexes          | |  2.0

Action                     || total
---------------------------++-------
   Fire: Sling             ||    64
    Use: Scroll            ||     3
 Armour: Robe              ||     5
  Dodge: Dodged            ||    21

Table legend:
 A = Non-vault XP
 B = Vault XP
 C = Vault XP percentage of total XP
 D = Non-vault monster count
 E = Vault monster count
 F = Vault count percentage of total count
                 A         B        C        D         E       F
            +---------+---------+-------+---------+---------+-------
      Total |      33 |      16 |  32.7 |      19 |       3 |  13.6
            +---------+---------+-------+---------+---------+-------
        D:1 |      21 |       0 |   0.0 |      12 |       0 |   0.0
        D:2 |      12 |      16 |  57.1 |       7 |       3 |  30.0
            +---------+---------+-------+---------+---------+-------
